 Dungeon Crawl Stone Soup version 0.28.0-53-g5a82cb258f (webtiles) character file.

Game seed: 8817113161910172585

2135 jjjjhere the Cleaver (level 9, -3/75 HPs)
             Began as a Minotaur Artificer on Sept 4, 2022.
             Was a Believer of Uskayaw.
             Slain by a gargoyle
             ... wielding a +0 flail
              (15 damage)
             ... on level 7 of the Dungeon.
             The game lasted 00:10:39 (8000 turns).

jjjjhere the Cleaver (Minotaur Artificer)           Turns: 8000, Time: 00:10:39

Health: -3/75      AC:  8    Str: 21    XL:     9   Next: 9%
Magic:  8/8        EV: 10    Int: 12    God:    Uskayaw [**....]
Gold:   135        SH:  0    Dex: 11    Spells: 8/8 levels left

rFire   . . .      SeeInvis .   D - +12 mace of Destiny {vorpal, Int+4}
rCold   + + .      Faith    .   (no shield)
rNeg    . . .      Spirit   .   y - +0 scale mail
rPois   .          Reflect  .   (helmet restricted)
rElec   .          Harm     .   F - scarf {repulsion}
rCorr   .          Rampage  .   i - +1 pair of gloves {hurl}
Will    .....                   (no boots)
Stlth   ..........              H - amulet of regeneration
HPRegen 1.02/turn               q - ring of protection from cold
MPRegen 0.11/turn               G - ring of protection from cold

@: repel missiles
A: horns 2, retaliatory headbutt
a: Renounce Religion, Stomp, Line Pass


You were on level 7 of the Dungeon.
You worshipped Uskayaw.
Uskayaw was noncommittal.
You visited 2 branches of the dungeon, and saw 8 of its levels.

You collected 292 gold pieces.
You spent 157 gold pieces at shops.

Inventory:

Hand Weapons
 l - a +1 battleaxe of electrocution
 D - the +12 mace of Destiny (weapon) {vorpal, Int+4}
   (You found it on level 4 of the Dungeon)

   It inflicts extra damage upon your enemies.
   Int:       It affects your intelligence (+4).
Missiles
 r - 11 poisoned darts
 A - 2 atropa-tipped darts (quivered)
Armour
 i - a +1 pair of gloves of hurling (worn)
 j - a +0 ring mail
 k - a +0 cloak
 y - a +0 scale mail (worn)
 F - a scarf of repulsion (worn)
Jewellery
 q - a ring of protection from cold (left hand)
 v - a ring of ice
 G - a ring of protection from cold (right hand)
 H - an amulet of regeneration (around neck)
Wands
 c - a wand of flame (15)
 d - a wand of charming (15)
 m - a wand of iceblast (17)
 E - a wand of digging (8)
Scrolls
 a - a scroll of holy word {unknown}
 h - a scroll of enchant armour {unknown}
 o - a scroll of magic mapping {unknown}
 s - a scroll of fog {unknown}
 u - a scroll of fear {unknown}
 w - 2 scrolls of teleportation {unknown}
 B - a scroll of enchant weapon {unknown}
 K - a scroll of blinking {unknown}
Potions
 f - a potion of heal wounds
 n - 3 potions of curing
 p - a potion of degeneration
 t - a potion of resistance
 x - 2 potions of flight
 z - a potion of might {unknown}
 C - a potion of attraction
 J - a potion of lignification
Miscellaneous
 e - a piece from Xom's chessboard (15/15)


   Skills:
 - Level 5.8 Fighting
 + Level 10.8(11.7) Axes
 - Level 7.0(9.9) Maces & Flails
 - Level 2.4 Armour
 - Level 1.1 Dodging
 - Level 0.7 Stealth
 - Level 2.6 Evocations


You had 8 spell levels left.
You didn't know any spells.
Your spell library contained the following spells:

 Spells                   Type           Power      Damage    Failure   Level
 Apportation              Tloc           0%         N/A       65%         1
 Slow                     Hex            0%         N/A       65%         1
 Corpse Rot               Necr/Air       0%         N/A       80%         2
 Confusing Touch          Hex            0%         N/A       95%         3
 Vampiric Draining        Necr           0%         2d6       95%         3
 Dispel Undead            Necr           0%         3d6       100%        4
 Alistair's Intoxication  Tmut/Pois      0%         N/A       100%        5
 Death Channel            Necr           0%         N/A       100%        6


Dungeon Overview and Level Annotations

Branches:
Dungeon (7/15)             Temple (1/1) D:5

Altars:
Ashenzari
Cheibriados
Dithmenos
Elyvilon
Fedhas
Gozag
Hepliaklqana
Kikubaaqudgha
Makhleb
Nemelex Xobeh
Okawaru
Qazlal
Ru
Sif Muna
Trog
Uskayaw
Vehumet
Wu Jian
Xom
Zin
The Shining One

Shops:
D:2 (   D:6 (


Innate Abilities, Weirdness & Mutations

You have a pair of horns on your head.
You reflexively headbutt those who attack you in melee.


Message History

You sock the water moccasin zombie!
You destroy the water moccasin zombie!
You now have 135 gold pieces (gained 22).
Found 22 stones.
A gargoyle comes into view. It is wielding a +0 flail.
You start waiting.
A gargoyle is nearby!
The gargoyle hits you with a +0 flail!
You barely miss the gargoyle. You headbutt the gargoyle!
The gargoyle is heavily damaged.
The gargoyle hits you with a +0 flail!
You hit the gargoyle.
You headbutt the gargoyle, but do no damage.
The gargoyle is heavily damaged.
The gargoyle hits you with a +0 flail!
You can now pass through a line of other dancers.
You hit the gargoyle but do no damage.
The gargoyle is heavily damaged.
The gargoyle hits you with a +0 flail!
You hit the gargoyle but do no damage.
The gargoyle is heavily damaged.
The gargoyle hits you with a +0 flail!
You hit the gargoyle.
You headbutt the gargoyle, but do no damage.
The gargoyle is almost destroyed.
The gargoyle hits you with a +0 flail!
* * * LOW HITPOINT WARNING * * *
You closely miss the gargoyle.
The gargoyle is almost destroyed.
The gargoyle hurls a stone arrow at you.
The stone arrow misses you.
You hit the gargoyle but do no damage.
The gargoyle is almost destroyed.
The gargoyle hurls a stone arrow at you.
The stone arrow hits you.
* * * LOW HITPOINT WARNING * * *
You hit the gargoyle.
The gargoyle is almost destroyed.
The gargoyle hits you with a +0 flail!
You die...

.......##..........#..........
.....#..# .##.....#####.......
...####...# ##...## .......
..## #...# ###.# #...... .##
..#.# #..# .....# ..# .##..#
#.## .....# .#....# #.####.#
.#..# ###...#
#.....9#######......# #..#
#......@........
...##......#.....##.. ##..
...#####..#### ####.# #.# ##.#
.....# #.## #.## ##...# ##[.##
##..# #.###....####...###..
##.##...#............#
#...#..###...##..###..#


You could see a gargoyle.

Vanquished Creatures
  A cyclops (D:7)
  Eustachio (D:5)
  2 vampire mosquitoes (D:7)
  A water moccasin (D:7)
  A sky beast (D:5)
  A black bear (D:6)
  An ogre (D:5)
  A necrophage (D:6)
  A phantom (D:4)
  2 water moccasin zombies
  A howler monkey (D:6)
  A centaur zombie (D:6)
  A jelly (D:6)
  An orc priest (D:6)
  A hound (D:6)
  Crazy Yiuf (D:4)
  A bullfrog skeleton (D:6)
  Terence (D:2)
  2 iguanas
  5 orc wizards
  A hound zombie (D:5)
  2 hound skeletons (D:4)
  Robin (D:4)
  3 gnolls (D:3)
  9 adders
  3 shadow imps
  A white imp (D:6)
  2 ufetubi
  A worm (D:2)
  2 dart slugs
  18 orcs
  9 ball pythons
  8 bats
  An endoplasm (D:1)
  3 giant cockroaches
  22 goblins
  6 hobgoblins
  4 jackals (D:1)
  A quokka (D:2)
  3 frilled lizards
  5 kobolds
  8 rats
140 creatures vanquished.

Notes
Turn   | Place    | Note
-------+----------+-------------------------------------------
     0 | D:1      | jjjjhere the Minotaur Artificer began the quest for the
                  | Orb.
     0 | D:1      | Reached XP level 1. HP: 16/16 MP: 0/0
   401 | D:1      | Reached XP level 2. HP: 25/25 MP: 1/1
   537 | D:1      | Found a faded altar of an unknown god.
   630 | D:1      | Prayed at the altar of an unknown god.
   630 | D:1      | Became a worshipper of Uskayaw the Reveller
   630 | D:1      | Reached * piety under Uskayaw
   698 | D:1      | Reached ** piety under Uskayaw
   851 | D:1      | Reached XP level 3. HP: 31/33 MP: 2/2
  1310 | D:2      | Noticed Terence
  1327 | D:2      | Killed Terence
  1328 | D:2      | Reached skill level 2 in Axes
  1467 | D:2      | Reached XP level 4. HP: 35/40 MP: 3/3
  1570 | D:2      | Reached skill level 3 in Axes
  1895 | D:2      | Found Plog's Weapon Emporium.
  1901 | D:2      | Bought 6 atropa-tipped darts for 46 gold pieces
  1941 | D:2      | Reached *** piety under Uskayaw
  2759 | D:3      | Reached skill level 4 in Axes
  2779 | D:3      | Reached XP level 5. HP: 43/46 MP: 4/4
  2786 | D:3      | Reached **** piety under Uskayaw
  2794 | D:3      | Reached ***** piety under Uskayaw
  2803 | D:3      | HP: 14/46 [something (2)]
  2817 | D:3      | HP: 12/46 [bat (1)]
  2822 | D:3      | Reached skill level 5 in Axes
  2822 | D:3      | HP: 11/46 [orc/+0 flail (1)]
  2835 | D:3      | HP: 12/46 [orc/+3 mace (1)]
  4083 | D:4      | Found a hazy altar of Hepliaklqana.
  4174 | D:4      | Noticed Robin
  4182 | D:4      | Reached skill level 6 in Axes
  4216 | D:4      | Reached XP level 6. HP: 33/52 MP: 5/5
  4227 | D:4      | HP: 16/52 [goblin/+0 club[Robin] (3)]
  4234 | D:4      | HP: 11/52 [Robin/+0 dagger (2)]
  4240 | D:4      | HP: 9/52 [Robin/+0 dagger (3)]
  4245 | D:4      | HP: 7/52 [Robin/+0 dagger (1)]
  4250 | D:4      | Killed Robin
  4719 | D:4      | Found a runed translucent door.
  4720 | D:4      | Noticed Crazy Yiuf
  4725 | D:4      | Killed Crazy Yiuf
  4730 | D:4      | Identified the +12 mace of Destiny {vorpal, Int+4}
  5043 | D:4      | Reached skill level 1 in Maces & Flails
  5183 | D:5      | Entered Level 5 of the Dungeon
  5259 | D:5      | Found a staircase to the Ecumenical Temple.
  5282 | Temple   | Entered the Ecumenical Temple
  5419 | D:5      | Noticed Eustachio
  5441 | D:5      | HP: 17/52 [iron imp[Eustachio] (2)]
  5442 | D:5      | HP: 8/52 [Eustachio/+1 falchion of electrocution (8)]
  5443 | D:5      | Killed Eustachio
  5744 | D:5      | Reached XP level 7. HP: 23/58 MP: 6/6
  5979 | D:5      | Reached skill level 5 in Maces & Flails
  6301 | D:5      | Found a glowing silver altar of Zin.
  6597 | D:6      | Found Plog's Weapon Boutique.
  6834 | D:6      | Reached skill level 7 in Axes
  6834 | D:6      | Reached XP level 8. HP: 64/67 MP: 7/7
  6988 | D:6      | Bought a +0 hand axe of draining for 111 gold pieces
  7031 | D:6      | Reached skill level 5 in Fighting
  7178 | D:6      | Found a radiant altar of Vehumet.
  7180 | D:6      | Found a shimmering blue altar of Sif Muna.
  7185 | D:6      | Found a hide-covered altar of Uskayaw.
  7192 | D:6      | Found a sacrificial altar of Ru.
  7198 | D:6      | Found an iron altar of Okawaru.
  7505 | D:7      | Reached skill level 8 in Axes
  7533 | D:6      | Identified 2 scrolls of acquirement
  7533 | D:6      | Acquired a +1 pair of gloves of hurling
  7540 | D:6      | Acquired a +1 battleaxe of electrocution
  7596 | D:7      | Noticed a cyclops
  7602 | D:7      | Reached skill level 9 in Axes
  7606 | D:7      | HP: 11/70 [cyclops (25)]
  7608 | D:7      | Killed a cyclops
  7609 | D:7      | Reached skill level 10 in Axes
  7609 | D:7      | Reached XP level 9. HP: 14/75 MP: 8/8
  7973 | D:7      | Noticed a gargoyle
  7997 | D:7      | HP: 16/75 [gargoyle/+0 flail (11)]
  8000 | D:7      | Slain by a gargoyle

Illustrated notes

Levels and vault maps discovered:
D:1:      giann_forest_graveyard, layout_loops_ring,
          dreamdust_ecumenical_altar_grove, minmay_misc_feat_chi
D:2:      layout_basic, serial_shops, nicolae_shop_bloodbath_and_beyond,
          kennysheep_generic_room_2, uniq_terence
D:3:      layout_loops_ring
D:4:      layout_loops_corners, mainiacjoe_overflow_24_doors,
          uniq_crazy_yiuf_cottage, uniq_robin
D:5:      layout_loops_cross, zin_scriptorium, minmay_temple_entry_glassed_door,
          minmay_misc_feat_square, uniq_eustachio
D:6:      layout_loops_ring, minmay_overflow_temple_star_hex, serial_shops,
          nicolae_shop_waterfront, minivault_24
D:7:      minmay_angry_zag, layout_layer_cave
Temple:   jpeg_temple_clearing

Skill      XL: |  1  2  3  4  5  6  7  8 |
---------------+-------------------------+-----
Fighting       | 2 3 4 5 |  5.8
Axes           | 2 4 6 7 10 | 10.8
Maces & Flails | 4 7 |  7.0
Armour         | |  2.4
Dodging        | |  1.1
Stealth        | |  0.7
Evocations     | |  2.6

Action                   |  1- 3 |  4- 6 |  7- 9 || total
-------------------------+-------+-------+-------++-------
Melee: Dagger            |    97 |   216 |       ||   313
       Club              |     8 |       |       ||     8
       Headbutt          |    14 |    38 |    18 ||    70
       Punch             |       |     3 |       ||     3
       Mace              |       |    28 |    92 ||   120
       Hand axe          |       |    15 |       ||    15
Throw: Dart              |       |    24 |     1 ||    25
Invok: Stomp             |       |     1 |       ||     1
Evoke: Piece from Xom's  |     4 |       |       ||     4
  Use: Scroll            |       |       |     9 ||     9
 Stab: Paralysed         |     6 |     1 |     2 ||     9
       Invisible         |       |     5 |       ||     5
Armor: Leather armour    |    13 |       |       ||    13
       Ring mail         |    31 |    57 |       ||    88
       Scale mail        |       |    72 |    32 ||   104
Dodge: Dodged            |    57 |   118 |    25 ||   200
       Repelled          |       |       |     1 ||     1
